 Dungeon Sprint DCSS version 0.22.1-1-ga44c0e56f4 (webtiles) character file.

187 MuseOD the Covert (level 5, -10/30 HPs)
             Began as a Spriggan Enchanter on Sept 23, 2018.
             Was an Initiate of Dithmenos.
             Mangled by a killer bee (11 damage)
             ... in the Dungeon (Sprint IV: "Fedhas' Mad Dash").
             The game lasted 00:01:20 (357 turns).

MuseOD the Covert (Spriggan Enchanter)               Turns: 357, Time: 00:01:21

Health: -10/30     AC:  2    Str:  4    XL:     5   Next: 39%
Magic:  0/10       EV: 18    Int: 17    God:    Dithmenos [......]
Gold:   55         SH:  0    Dex: 17    Spells: 3/9 levels left

rFire    . . .     SeeInvis +   a - +1 dagger
rCold    . . .     Gourm    .   (shield restricted)
rNeg     . . .     Faith    .   b - +0 robe
rPois    .         Spirit   .   (helmet restricted)
rElec    .         Reflect  .   (no cloak)
rCorr    .         Harm     .   (gloves unavailable)
MR       .....     NoTele   +   (boots unavailable)
Stlth    ++++......             k - amulet of invisibility {+Inv}
HPRegen  0.10/turn              (no ring)
MPRegen  0.12/turn              (no ring)

@: lethally poisoned (-10 -> -30), very quick
A: very small, unfitting armour, see invisible, herbivore, speed 3, slow
metabolism 2
a: Renounce Religion, Evoke Invisibility


You were in the Dungeon.
You worshipped Dithmenos.
Dithmenos was noncommittal.
You were not hungry.

You visited 1 branch You collected 55 gold pieces.

Inventory:

Hand Weapons
 a - a +1 dagger (weapon)
Armour
 b - a +0 robe (worn)
Jewellery
 k - the amulet of invisibility (around neck) {+Inv}
   (You found it in the Dungeon)

   [amulet of nothing]

   It lets you turn invisible.
Scrolls
 c - a scroll of identify {unknown}
 j - a scroll of blinking
Potions
 e - a potion of curing
 f - a potion of heal wounds
 g - a potion of haste
 h - 2 potions of magic
 i - 2 potions of berserk rage
Comestibles
 d - a ration


   Skills:
 + Level 4.4 Fighting
 * Level 8.7 Short Blades
 - Level 3.0 Dodging
 + Level 9.7 Stealth
 - Level 2.6 Spellcasting
 - Level 3.6 Hexes


You had 3 spell levels left.
You knew the following spells:

 Your Spells              Type           Power        Failure   Level  Hunger
a - Corona                Hex            ##.....      4%          1    #......
b - Ensorcelled Hibernat  Hex/Ice        #.....       13%         2    ##.....
c - Confuse               Hex            ##......     12%         3    ###....

Your spell library contained the following spells:

 Spells                   Type           Power        Failure   Level  Hunger
 Tukima's Dance           Hex            ##......     12%         3    ###....
 Dazzling Spray           Conj/Hex       #.....       26%         3    ###....


Dungeon Overview and Level Annotations

Branches:
Dungeon (1/1)

Altars:
Cheibriados
Dithmenos
Elyvilon
Gozag
Hepliaklqana
Kikubaaqudgha
Makhleb
Nemelex Xobeh
Okawaru
Qazlal
Ru
Sif Muna
Trog
Uskayaw
Vehumet
Wu Jian
Xom
Yredelemnul
Zin
The Shining One
Beogh
Jiyva
Lugonu


Innate Abilities, Weirdness & Mutations

You are very small and have problems with some larger weapons.
You are too small for most types of armour.
You have supernaturally acute eyesight. (SInv)
You are a herbivore.
You cover ground extremely quickly.
You need to consume almost no food.


Message History

The killer bee stings you.
* * * LOW HITPOINT WARNING * * *
You are more poisoned.
The killer bee poisons you!
Unknown command.
Unknown command.
Unknown command.
You hit the killer bee.
The killer bee is lightly wounded.
* * * LOW HITPOINT WARNING * * *
You feel sick.
The killer bee dies!
The killer bee barely misses you. The killer bee misses you.
The killer bee closely misses you.
Unknown command.
You hit the killer bee.
The killer bee is moderately wounded.
* * * LOW HITPOINT WARNING * * *
You feel sick. The killer bee stings you!
You die...

##############################
#<..P#....†#.....#.⌠._._._._.⌠
#PP..'.....'.#.[.'.._._._._._.
#PPPP#...†.#.#...#..._._._._..
###############'##.._._._._._.
♣......yy@...#._._._._._.⌠
%.....♣....y#...#############
.....♣..♣..###### #+## #+#####


You could see a queen bee and 2 killer bees.

Vanquished Creatures
  A killer bee (D)
  3 oklob saplings (D)
  A worker ant (D)
  A river rat (D)
  A rat (D)
7 creatures vanquished.

Vanquished Creatures (others)
  A killer bee (D)
1 creature vanquished.

Grand Total: 8 creatures vanquished

Notes
Turn   | Place    | Note
-------+----------+-------------------------------------------
     0 | D        | MuseOD the Spriggan Enchanter began the quest for the Orb.
     0 | D        | Reached XP level 1. HP: 9/9 MP: 5/5
     8 | D        | Reached skill level 1 in Fighting
     8 | D        | Reached skill level 5 in Stealth
     8 | D        | Reached XP level 2. HP: 14/14 MP: 6/6
    15 | D        | Learned a level 2 spell: Ensorcelled Hibernation
    25 | D        | Noticed an oklob sapling
    29 | D        | Found the amulet of invisibility {+Inv}
    30 | D        | Reached skill level 6 in Stealth
    30 | D        | Reached XP level 3. HP: 18/18 MP: 8/8
    35 | D        | Learned a level 3 spell: Confuse
    50 | D        | Noticed an oklob sapling
    53 | D        | Killed an oklob sapling
    53 | D        | Reached skill level 5 in Short Blades
    53 | D        | Reached skill level 7 in Stealth
   131 | D        | Killed an oklob sapling
   131 | D        | Reached XP level 4. HP: 24/24 MP: 2/9
   193 | D        | Found an opulent altar of Gozag.
   193 | D        | Found a hazy altar of Hepliaklqana.
   193 | D        | Found a burning altar of Makhleb.
   193 | D        | Found a roughly hewn altar of Beogh.
   193 | D        | Found a sparkling altar of Nemelex Xobeh.
   193 | D        | Found a snail-covered altar of Cheibriados.
   193 | D        | Found a sacrificial altar of Ru.
   193 | D        | Found a deep blue altar of Sif Muna.
   193 | D        | Found a shimmering altar of Xom.
   193 | D        | Found a basalt altar of Yredelemnul.
   194 | D        | Found a viscous altar of Jiyva.
   194 | D        | Found a bloodstained altar of Trog.
   194 | D        | Found an ornate altar of the Wu Jian Council.
   195 | D        | Found an iron altar of Okawaru.
   195 | D        | Found a glowing silver altar of Zin.
   195 | D        | Found a shadowy altar of Dithmenos.
   196 | D        | Found a hide-covered altar of Uskayaw.
   196 | D        | Found an ancient bone altar of Kikubaaqudgha.
   197 | D        | Found a stormy altar of Qazlal.
   197 | D        | Found a glowing golden altar of the Shining One.
   197 | D        | Found a white marble altar of Elyvilon.
   198 | D        | Found a radiant altar of Vehumet.
   198 | D        | Found a corrupted altar of Lugonu.
   201 | D        | Reached skill level 8 in Stealth
   204 | D        | Became a worshipper of Dithmenos the Shadowed
   341 | D        | Noticed a queen bee
   353 | D        | Reached skill level 9 in Stealth
   353 | D        | Reached XP level 5. HP: 13/30 MP: 6/10
   357 | D        | HP: 1/30 [poisoned by a killer bee]
   357 | D        | Mangled by a killer bee

Skill      XL: |  1  2  3  4 |
---------------+-------------+-----
Fighting       | 1 2 3 4 |  4.4
Short Blades   | 3 4 6 8 |  8.7
Stealth        | 5 6 7 9 |  9.7
Dodging        | |  3.0
Spellcasting   | |  2.6
Hexes          | |  3.6

Action                   |  1- 3 |  4- 6 || total
-------------------------+-------+-------++-------
Melee: Dagger            |    13 |     4 ||    17
 Cast: Confuse           |     2 |     3 ||     5
 Abil: Evoke Invisibilit |       |     1 ||     1
 Stab: Sleeping          |     4 |     1 ||     5
       Confused          |     1 |     1 ||     2
Dodge: Dodged            |     1 |    18 ||    19
